 Dungeon Crawl Stone Soup version 0.26-a0-757-g626ac9e51a (webtiles) character file.

Game seed: 3487182663880074165

274 mhtbhm the Shield-Bearer (level 6, -3/52 HPs)
             Began as a Minotaur Fighter on Nov 7, 2020.
             Was an Initiate of Okawaru.
             Killed by divine providence
             ... invoked by an orc priest
              (15 damage)
             ... on level 3 of the Dungeon.
             The game lasted 00:02:55 (2385 turns).

mhtbhm the Shield-Bearer (Minotaur Fighter)         Turns: 2385, Time: 00:02:55

Health: -3/52      AC:  7    Str: 22    XL:     6   Next: 3%
Magic:  5/5        EV:  8    Int:  5    God:    Okawaru [......]
Gold:   150        SH:  0    Dex: 10    Spells: 5/5 levels left

rFire    . . .     SeeInvis .   a - +0 war axe
rCold    . . .     Faith    .   c - +0 kite shield
rNeg     + . .     Spirit   .   b - +0 scale mail
rPois    .         Reflect  .   (helmet unavailable)
rElec    .         Harm     .   (no cloak)
rCorr    .         Rampage  .   (no gloves)
MR       .....                  (no boots)
Stlth    ..........             (no amulet)
HPRegen  0.57/turn              j - ring of positive energy
MPRegen  0.09/turn              (no ring)

@: confused, brilliant
A: retaliatory headbutt, horns 3, large bone plates 1, regeneration 1
a: Renounce Religion


You were on level 3 of the Dungeon.
You worshipped Okawaru.
Okawaru was noncommittal.
You visited 1 branch of the dungeon, and saw 3 of its levels.

You collected 150 gold pieces.

Inventory:

Hand Weapons
 a - a +0 war axe (weapon)
Armour
 b - a +0 scale mail (worn)
 c - a +0 kite shield (worn)
Jewellery
 j - a ring of positive energy (left hand)
Wands
 m - a wand of iceblast (12)
Scrolls
 e - 2 scrolls of fog {unknown}
 g - 3 scrolls of identify {unknown}
 h - a scroll of enchant armour {unknown}
 i - a scroll of magic mapping {unknown}
 k - a scroll of remove curse {unknown}
Potions
 d - 2 potions of might
 l - a potion of attraction {unknown}


   Skills:
 + Level 4.2 Fighting
 + Level 4.8 Axes
 + Level 5.0 Armour
 + Level 1.2 Dodging
 + Level 0.2 Stealth
 + Level 5.1 Shields


You had 5 spell levels left.
You didn't know any spells.
Your spell library was empty.

Dungeon Overview and Level Annotations

Branches:
Dungeon (3/15)

Altars:
Okawaru


Innate Abilities, Weirdness & Mutations

You reflexively headbutt those who attack you in melee.
You have a pair of large horns on your head.
You are partially covered in large bone plates. (SH +4)
Your natural rate of healing is unusually fast.


Message History

You feel a bit more experienced.
Unknown command.
Press: ? - help, v - describe, . - travel
Here: an orc wizard, wielding a +0 dagger and wearing a +0 robe The floor.
Evoke which item? (* to show all) (? for menu, Esc to quit)
Okay, then.
It was a potion of brilliance.
You feel clever all of a sudden.
The orc priest mumbles some strange prayers to Beogh against you.
Beogh smites you!
You bump into the rock wall.
The orc wizard points at you and mumbles some strange words.
The magic dart hits you!
The orc wizard gestures at you while chanting.
The puff of flame hits you!
* * * LOW HITPOINT WARNING * * *
The orc priest invokes the aid of Beogh against you.
Beogh smites you!
You die...

#.# #.# . #.# .##.#
..#o# #.# #.#o# #.#
#.#o# #.# ##.#@#
#.##.#####..#.#
#.##..........# #.#
######.#### #.#
###.########
####.######...........
#.............########
#.##.######.#.#
#.##.######.#.#####


You could see an orc priest, an orc wizard and an orc.

Vanquished Creatures
  An orc warrior (D:2)
  A bullfrog zombie (D:2)
  A worker ant (D:2)
  3 adders (D:2)
  2 worms (D:2)
  3 dart slugs
  3 leopard geckos
  6 orcs
  A ball python (D:3)
  2 giant cockroaches (D:2)
  5 goblins
  8 hobgoblins
  7 jackals
  5 kobolds
  7 bats
  5 frilled lizards
  4 rats (D:1)
  3 bushes (D:2)
67 creatures vanquished.

Vanquished Creatures (others)
  An orc wizard (D:3)
  4 plants
5 creatures vanquished.

Grand Total: 72 creatures vanquished

Notes
Turn   | Place    | Note
-------+----------+-------------------------------------------
     0 | D:1      | mhtbhm the Minotaur Fighter began the quest for the Orb.
     0 | D:1      | Reached XP level 1. HP: 19/19 MP: 0/0
   267 | D:1      | Reached XP level 2. HP: 26/27 MP: 1/1
   916 | D:2      | Reached XP level 3. HP: 30/33 MP: 2/2
   973 | D:2      | Reached XP level 4. HP: 12/40 MP: 3/3
  1565 | D:2      | Reached XP level 5. HP: 46/46 MP: 4/4
  1648 | D:2      | Noticed an orc warrior
  1654 | D:2      | Gained mutation: Your natural rate of healing is unusually
                  | fast. [potion of mutation]
  1654 | D:2      | Gained mutation: You have a pair of large horns on your
                  | head. [potion of mutation]
  1654 | D:2      | Gained mutation: You are partially covered in large bone
                  | plates. (SH +4) [potion of mutation]
  1663 | D:2      | Killed an orc warrior
  1663 | D:2      | Reached skill level 5 in Armour
  1663 | D:2      | Reached skill level 1 in Dodging
  1909 | D:2      | Found an iron altar of Okawaru.
  2240 | D:2      | Became a worshipper of Warmaster Okawaru
  2307 | D:3      | Reached skill level 5 in Shields
  2382 | D:3      | Reached XP level 6. HP: 42/52 MP: 5/5
  2385 | D:3      | Killed from afar by an orc priest

Illustrated notes

Levels and vault maps discovered:
D:1:      giann_bridges, layout_basic
D:2:      layout_rooms, lemuel_coloured_pillars_altar, serial_forest,
          infiniplex_forest_straight_3, infiniplex_forest_lined_room_2,
          infiniplex_forest_split, infiniplex_forest_lined_3_way,
          infiniplex_forest_end_double, infiniplex_forest_straight_4
D:3:      layout_loops_ring, nicolae_overflow_hidden_temple,
          makhleb_heckhound_becter

Skill      XL: |  1  2  3  4  5 |
---------------+----------------+-----
Armour         | 4 5 |  5.0
Shields        | 4 5 |  5.1
Axes           | 3 4 |  4.8
Fighting       | 4 |  4.2
Dodging        | 1 |  1.2
Stealth        | |  0.2

Action                   |  1- 3 |  4- 6 || total
-------------------------+-------+-------++-------
Melee: War axe           |    75 |   183 ||   258
       Headbutt          |     6 |    45 ||    51
  Use: Potion            |       |     2 ||     2
Armor: Scale mail        |    47 |    21 ||    68
Dodge: Dodged            |    27 |    20 ||    47
Block: Kite shield       |    51 |    61 ||   112

Table legend: (Time is in decaauts)
 A = Elapsed time spent in this place.
 B = Non-inter-level travel time spent in this place.
 C = Inter-level travel time spent in this place.
 D = Time resting spent in this place.
 E = Time spent auto-exploring this place.
 F = Levels seen in this place.
 G = Mean time per level.
                   A        B        C        D        E       F      G
               +--------+--------+--------+--------+--------+-----+--------+
         Total |   2481 |   2377 |    104 |    437 |   1289 |   3 |  827.0 |
       Dungeon |   2481 |   2377 |    104 |    437 |   1289 |   3 |  827.0 |
               +--------+--------+--------+--------+--------+-----+--------+

Top non-repeatable levels by time:
     D:2: 1517 daAuts
     D:1: 827 daAuts
     D:3: 136 daAuts
